 Dungeon Sprint DCSS version 0.31.0-32-g396128a36d (webtiles) character file.

Game seed: 5458434382565873740

12033 Heoruswealwe the Phalangite (level 11, -5/118 HPs)
             Began as a Minotaur Fighter on Mar 21, 2024.
             Was an Initiate of Gozag.
             Killed by divine providence
             ... invoked by an orc priest
              (16 damage)
             ... in the Dungeon (Sprint IX: "|||||||||||||||||||||||||||||").
             The game lasted 00:08:20 (1526 turns).

Heoruswealwe the Phalangite (Minotaur Fighter)      Turns: 1526, Time: 00:08:21

Health: -5/118     AC: 23    Str: 28    XL:     11   Next: 57%
Magic:  10/10      EV:  8    Int:  5    God:    Gozag
Gold:   5042       SH:  0    Dex: 10    Spells: 10/10 levels left

rFire   . . .        b - +2 halberd (venom)
rCold   . . .        (shield currently unavailable)
rNeg    . . .        c - +0 plate armour
rPois   .            (helmet restricted)
rElec   .            h - +0 cloak
rCorr   .            f - +0 pair of gloves
SInv    .            e - +0 pair of boots
Will    .....        (no amulet) Stlth
                     k - +3 ring of strength
HPRegen 0.39/turn    (no ring)
MPRegen 0.12/turn

%: no teleportation
@: gold aura
A: horns 2, retaliatory headbutt
a: Renounce Religion, Potion Petition, Call Merchant, Bribe Branch


You were in the Dungeon.
You worshipped Gozag.
Gozag was greatly pleased with you.
You visited 1 branch You collected 5042 gold pieces.

Inventory:

Hand Weapons
 a - a +0 trident
 b - a +2 halberd of venom (weapon)
Armour
 c - a +0 plate armour (worn)
 d - a +0 buckler
 e - a +0 pair of boots (worn)
 f - a +0 pair of gloves (worn)
 h - a +0 cloak (worn)
Jewellery
 k - a +3 ring of strength (left hand)
Wands
 q - a wand of iceblast (10)
Scrolls
 j - 3 scrolls of blinking
 l - 4 scrolls of enchant armour
 o - 3 scrolls of enchant weapon
 p - a scroll of identify
Potions
 g - 2 potions of haste
 i - a potion of berserk rage
 m - 5 potions of curing
 n - a potion of might


   Skills:
 + Level 17.7 Fighting
 * Level 23.7 Polearms
 + Level 17.7 Armour
 - Level 3.6 Shields


You had 10 spell levels left.
You didn't know any spells.
Your spell library contained the following spells:

 Spells                   Type           Power      Damage    Failure   Level
 Cigotuvi's Dreadful Rot  Necr/Alch/Air  0%         N/A       99%         2
 Dazzling Flash           Conj/Hex       0%         N/A       100%        3
 Fulminant Prism          Conj/Alch      0%         3d5       100%        4
 Conjure Ball Lightning   Conj/Air       0%         3x3d6     100%        6


Dungeon Overview and Level Annotations

Branches:
Dungeon (1/1)

Altars:
Cheibriados
Dithmenos
Elyvilon
Fedhas
Gozag
Hepliaklqana
Kikubaaqudgha
Makhleb
Nemelex Xobeh
Okawaru
Qazlal
Ru
Sif Muna
Trog
Uskayaw
Vehumet
Wu Jian
Xom
Yredelemnul
Zin
The Shining One
Jiyva
Lugonu


Innate Abilities, Weirdness & Mutations

You have a pair of horns on your head.
You reflexively headbutt those who attack you in melee.


Message History

You barely miss the orc. Your headbutt misses the orc.
The orc is severely wounded.
You kill the orc!
You now have 5042 gold pieces (gained 122).
Things that are here:
a +0 dagger; a +0 robe An orc warrior comes into view.
It is wielding a +0 dire flail of protection.
r - a +0 dagger;
s - a +0 robe The orc warrior shouts!
You hear a shout!
An orc priest comes into view. It is wielding a +0 mace.
The orc priest shouts!
There is an open door to the Orcish Mines, spattered with blood here.
Items here: $ ))))))))))) [[[[[[[[.
You drop a +0 dagger.
The orc priest miscasts a cantrip.
You drop a +0 robe.
You hit the orc warrior.
The orc warrior is poisoned.
The orc warrior is lightly wounded.
The orc priest calls down the wrath of Beogh upon you.
Beogh smites you!
* * * LOW HITPOINT WARNING * * *
You barely miss the orc warrior.
The orc warrior is lightly wounded.
The orc warrior hits you with a +0 dire flail of protection.
* * * LOW HITPOINT WARNING * * *
You hit the orc warrior.
The orc warrior is moderately wounded.
The orc priest mumbles some strange prayers to Beogh against you.
Beogh smites you!
* * * LOW HITPOINT WARNING * * *
The orc warrior hits you but does no damage.
You feel better.
The orc warrior hits you with a +0 dire flail of protection.
* * * LOW HITPOINT WARNING * * *
You impale the orc warrior!!
You kill the orc warrior!
The orc priest invokes the aid of Beogh against you.
Beogh smites you!
You die...
Your body crumbles into a pile of gold.

▓_▓.▓.▓.▓.▓
▓_▓.▓.▓.▓$▓
▓_▓.▓.▓.▓$▓
▓_▓.▓.▓.▓$▓
▓'▓.▓.▓.▓$▓
▓.▓.▓.▓.▓o▓
▓.▓.▓.▓.▓$▓
▓.▓.▓.▓.▓$▓
▓.▓.▓.▓)▓@▓
▓.▓.▓!▓.▓.▓
▓†▓.▓.▓.▓.▓
▓.▓.▓.▓.▓.▓
▓.▓.▓.▓.▓.▓
▓.▓.▓'▓.▓.▓
▓.▓.▓.▓.▓.▓
▓.▓.▓.▓.▓.▓
▓)▓.▓.▓.▓.▓


You could see an orc priest.

Vanquished Creatures
  Josephine (D)
  2 hydras (D)
  A two-headed ogre (D)
  An orc high priest (D)
  A skeletal warrior (D)
  3 lindwurms (D)
  A cyclops (D)
  An elephant (D)
  4 cane toads (D)
  An unseen horror (D)
  A komodo dragon (D)
  An efreet (D)
  Psyche (D)
  A troll (D)
  3 polar bears (D)
  4 tyrant leeches (D)
  A shadow (D)
  A spriggan (shapeshifter) (D)
  5 wraiths (D)
  4 yaks (D)
  A wyvern (D)
  A steam dragon (D)
  2 water moccasins (D)
  A black bear (D)
  3 orc warriors (D)
  2 bullfrogs (D)
  A scorpion (D)
  3 orc wizards (D)
  2 adders (D)
  A ribbon worm (D)
  A dart slug (D)
  5 orcs (D)
  An endoplasm (D)
  2 goblins (D)
  2 quokkas (D)
66 creatures vanquished.

Notes
Turn   | Place    | Note
-------+----------+-------------------------------------------
     0 | D        | Heoruswealwe the Minotaur Fighter began the quest for the
                  | Orb.
     0 | D        | Reached XP level 1. HP: 19/19 MP: 0/0
     5 | D        | Reached skill level 3 in Polearms
    21 | D        | Reached skill level 4 in Polearms
    22 | D        | Reached XP level 2. HP: 27/28 MP: 1/1
    32 | D        | Noticed a black bear
    32 | D        | Noticed a scorpion
    38 | D        | Reached skill level 5 in Polearms
    41 | D        | Killed a scorpion
    42 | D        | Reached skill level 7 in Polearms
    42 | D        | Reached XP level 3. HP: 33/37 MP: 2/2
    42 | D        | Reached XP level 4. HP: 39/44 MP: 3/3
    47 | D        | Killed a black bear
    48 | D        | Reached skill level 9 in Polearms
    48 | D        | Reached XP level 5. HP: 34/52 MP: 4/4
    57 | D        | Found a snail-covered altar of Cheibriados.
    57 | D        | Found a shadowy altar of Dithmenos.
    57 | D        | Found a white marble altar of Elyvilon.
    57 | D        | Found a blossoming altar of Fedhas.
    57 | D        | Found an opulent altar of Gozag.
    58 | D        | Found a hazy altar of Hepliaklqana.
    59 | D        | Found a viscous altar of Jiyva.
    60 | D        | Found an ancient bone altar of Kikubaaqudgha.
    61 | D        | Found a corrupted altar of Lugonu.
    62 | D        | Found a burning altar of Makhleb.
    63 | D        | Found a sparkling altar of Nemelex Xobeh.
    64 | D        | Found an iron altar of Okawaru.
    65 | D        | Became a worshipper of Gozag Ym Sagoz the Greedy
    66 | D        | Found a stormy altar of Qazlal.
    67 | D        | Found a sacrificial altar of Ru.
    68 | D        | Found a shimmering blue altar of Sif Muna.
    69 | D        | Found a bloodstained altar of Trog.
    70 | D        | Found a hide-covered altar of Uskayaw.
    71 | D        | Found a radiant altar of Vehumet.
    72 | D        | Found an ornate altar of the Wu Jian Council.
    73 | D        | Found a shimmering altar of Xom.
    74 | D        | Found a basalt altar of Yredelemnul.
    75 | D        | Found a glowing silver altar of Zin.
    76 | D        | Found a glowing golden altar of the Shining One.
   142 | D        | Noticed a yak
   142 | D        | Noticed a troll
   142 | D        | Noticed a wraith
   142 | D        | Noticed a steam dragon
   142 | D        | Noticed a shadow
   142 | D        | Noticed a two-headed ogre
   148 | D        | Killed a two-headed ogre
   149 | D        | Reached skill level 10 in Fighting
   149 | D        | Reached skill level 14 in Polearms
   149 | D        | Reached skill level 10 in Armour
   149 | D        | Reached XP level 6. HP: 27/67 MP: 5/5
   149 | D        | Reached XP level 7. HP: 30/73 MP: 6/6
   150 | D        | Killed a shadow
   287 | D        | Killed a steam dragon
   288 | D        | Reached XP level 8. HP: 82/82 MP: 7/7
   293 | D        | Reached skill level 15 in Polearms
   302 | D        | Killed a troll
   306 | D        | Reached skill level 16 in Polearms
   454 | D        | Noticed an efreet
   454 | D        | Noticed a skeletal warrior
   454 | D        | Noticed a five-headed hydra
   454 | D        | Noticed a cyclops
   460 | D        | Killed a cyclops
   468 | D        | Killed a ten-headed hydra
   469 | D        | Reached skill level 17 in Polearms
   469 | D        | Reached XP level 9. HP: 48/93 MP: 8/8
   477 | D        | Killed an unseen horror
   478 | D        | Reached skill level 18 in Polearms
   490 | D        | Killed a skeletal warrior
   495 | D        | Killed an efreet
   496 | D        | Reached skill level 19 in Polearms
   780 | D        | Got Sif Muna's Lectures on the Beaker and Power
   793 | D        | Noticed a cane toad
   793 | D        | Noticed a cane toad
   796 | D        | Noticed a polar bear
   800 | D        | Killed a cane toad
   801 | D        | Reached XP level 10. HP: 103/104 MP: 9/9
   812 | D        | Killed a cane toad
   813 | D        | Reached skill level 20 in Polearms
   823 | D        | Reached skill level 15 in Fighting
   823 | D        | Reached skill level 15 in Armour
   899 | D        | Noticed an elephant
   899 | D        | Noticed a four-headed hydra
   899 | D        | Noticed a cane toad
   901 | D        | Noticed a cane toad
   910 | D        | Killed an eight-headed hydra
   914 | D        | Killed a cane toad
   915 | D        | Reached skill level 21 in Polearms
   919 | D        | Killed an elephant
   926 | D        | Killed a cane toad
  1003 | D        | Noticed a lindwurm
  1003 | D        | Noticed a lindwurm
  1012 | D        | Reached XP level 11. HP: 107/115 MP: 10/10
  1015 | D        | Noticed a lindwurm
  1017 | D        | Reached skill level 22 in Polearms
  1031 | D        | Killed a lindwurm
  1035 | D        | Killed a lindwurm
  1038 | D        | Killed a lindwurm
  1155 | D        | Noticed Psyche
  1162 | D        | Killed Psyche
  1248 | D        | Noticed Josephine
  1254 | D        | Reached skill level 23 in Polearms
  1257 | D        | Killed Josephine
  1465 | D        | Noticed an orc high priest
  1484 | D        | Noticed a soul eater
  1496 | D        | Noticed a sun demon
  1500 | D        | Noticed a soul eater
  1507 | D        | Killed an orc high priest
  1526 | D        | Killed from afar by an orc priest

Illustrated notes

Levels and vault maps discovered:
D:        linesprint [early_d, line_temple, items_1, d_10, items_2, lair_1,
          lair_end, items_3, orc_1, orc_end, items_4, d_15, swamp_1, shoals_1,
          snake_1, spider_1, d_20, vaults_1, items_5, swamp_end, shoals_end,
          snake_end, spider_end, vaults_end, d_27, items_6, zot_1, zot_end,
          crypt_end, forest_end, elf_end, slime_end, tomb_end, abyss_end,
          pan_hell_end]

Skill      XL: |  1  2  3  4  5  6  7  8  9 10 11 |
---------------+----------------------------------+-----
Polearms       | 4 7 9 14 17 19 21 23 | 23.7
Fighting       | 4 6 7 10 11 13 14 16 17 | 17.7
Armour         | 4 6 7 10 11 13 14 16 17 | 17.7
Shields        | |  3.6

Action                     |  1- 3 |  4- 6 |  7- 9 | 10-12 || total
---------------------------+-------+-------+-------+-------++-------
  Melee: Trident           |    19 |     9 |       |       ||    28
         Headbutt          |     1 |     4 |    19 |    36 ||    60
         Halberd           |       |     6 |    61 |   147 ||   214
    Use: Potion            |       |       |     4 |     3 ||     7
   Stab: Distracted        |       |       |       |     1 ||     1
 Armour: Scale mail        |    10 |    10 |       |       ||    20
         Plate armour      |       |     5 |    65 |   106 ||   176
  Dodge: Dodged            |     4 |     6 |    14 |    41 ||    65
  Block: Buckler           |     5 |     3 |       |       ||     8
